 Dungeon Crawl Stone Soup version 0.30.1-3-gfc49f6343a (webtiles) character file.

Game seed: 6983604913528148941

2355 shmup the Arsonist (level 9, -10/50 HPs)
             Began as a Tengu Fire Elementalist on July 31, 2023.
             Was a Priest of Fedhas.
             Mangled by Maggie
             ... wielding a +1 glaive of flaming
              (19 damage)
             ... while paralysed by Maggie
             ... on level 7 of the Dungeon.
             The game lasted 00:23:04 (7617 turns).

shmup the Arsonist (Tengu Fire Elementalist)        Turns: 7617, Time: 00:23:05

Health: -10/50     AC:  4    Str:  8    XL:     9   Next: 44%
Magic:  13/13      EV:  2    Int: 20    God:    Fedhas [***...]
Gold:   263        SH:  0    Dex: 15    Spells: 0/12 levels left

rFire   + . .        u - +1 dagger (holy)
rCold   x . .        (no shield)
rNeg    + . .        a - +0 robe
rPois   .            (helmet restricted)
rElec   .            g - +0 cloak
rCorr   .            w - +0 pair of gloves
SInv    .            (boots unavailable)
Will    .....        (no amulet)
Stlth   ++           n - ring of positive energy
HPRegen 0.28/turn    y - ring of fire
MPRegen 0.13/turn

%: no passive effects
@: paralysed, flying quickly and evasively, mesmerised, quick
A: beak, talons 3, nimble flight
a: Renounce Religion, Wall of Briars, Grow Ballistomycete


You were on level 7 of the Dungeon.
You worshipped Fedhas.
Fedhas was most pleased with you.
You visited 1 branch of the dungeon, and saw 7 of its levels.

You collected 263 gold pieces.

Inventory:

Hand Weapons
 j - a +0 dagger
 o - the +7 staff of the Meek {protect, meekguard}
   (You found it on level 6 of the Dungeon)
 u - a +1 dagger of holy wrath (weapon)
Missiles
 d - 18 stones
 i - 12 poisoned darts
 z - 3 boomerangs
Armour
 a - a +0 robe (worn)
 g - a +0 cloak (worn)
 t - a +0 troll leather armour
 w - a +0 pair of gloves (worn)
Jewellery
 n - a ring of positive energy (left hand)
 y - a ring of fire (right hand)
Scrolls
 e - a scroll of amnesia
 f - a scroll of blinking
 m - a scroll of silence
 p - a scroll of teleportation
 r - a scroll of poison {unknown}
 v - a scroll of enchant armour {unknown}
Potions
 c - a potion of flight
 h - 3 potions of haste
 k - 2 potions of mutation
 l - 3 potions of degeneration
 q - 3 potions of curing
 s - a potion of cancellation
 x - a potion of heal wounds


   Skills:
 + Level 3.0 Fighting
 + Level 4.1 Dodging
 - Level 2.0 Stealth
 - Level 2.0 Spellcasting
 + Level 8.6 Conjurations
 * Level 10.6 Fire Magic
 + Level 1.4 Invocations


You couldn't memorise any spells.
You knew the following spells:

 Your Spells              Type           Power      Damage    Failure   Level
a - Foxfire               Conj/Fire      100%       2x1d9     1%          1
b - Scorch                Fire           100%       2d9       1%          2
c - Inner Flame           Hex/Fire       34%        N/A       5%          3
d - Flame Wave            Conj/Fire      57%        2d14      3%          4
e - Searing Ray           Conj           72%        2d7       1%          2

Your spell library contained the following spells:

 Spells                   Type           Power      Damage    Failure   Level
 Magic Dart               Conj           100%       1d8       1%          1
 Volatile Blastmotes      Fire/Tloc      68%        2d15      5%          3
 Slow                     Hex            8%         N/A       16%         1
 Fulminant Prism          Conj/Hex       9%         3d6       26%         4
 Iskenderun's Mystic Bla  Conj/Tloc      19%        2d6       26%         4
 Call Canine Familiar     Summ           2%         N/A       43%         3
 Confusing Touch          Hex            2%         N/A       43%         3
 Portal Projectile        Hex/Tloc       4%         N/A       43%         3
 Vampiric Draining        Necr           2%         2d6       43%         3
 Leda's Liquefaction      Hex/Erth       1%         N/A       83%         4
 Lee's Rapid Deconstruct  Erth           1%         3d4*      99%         5


Dungeon Overview and Level Annotations

Branches:
Dungeon (7/15) Zot: 26956  Temple (0/1) D:4

Altars:
Cheibriados
Fedhas
Gozag
Makhleb
Qazlal

Annotations:
D:4 2 transporters, BaconRulez's ghost, amateur HOFi
D:7 Maggie


Innate Abilities, Weirdness & Mutations

You have a beak for a mouth.
You have claws for feet.
Your magical nature lets you fly swiftly and evasively.


Message History

Maggie is heavily wounded.
Maggie misses you.
Casting: Scorch (safe; 1% risk of failure)
Confirm with . or Enter, or press ? or * to list all spells.
You feel a surge of power!
Flames lash Maggie.
Maggie is heavily wounded.
Maggie hits you from afar with a +1 glaive of flaming!
Maggie burns you.
Unknown command.
Casting: Scorch (safe; 1% risk of failure)
Confirm with . or Enter, or press ? or * to list all spells.
You feel a surge of power!
Flames lash Maggie.
Maggie is burned terribly!
Maggie is severely wounded.
Maggie zaps a wand.
You suddenly lose the ability to move!
Maggie hits you from afar with a +1 glaive of flaming.
* * * LOW HITPOINT WARNING * * *
Maggie burns you.
* * * LOW HITPOINT WARNING * * *
Maggie gestures at you while chanting. The bolt of fire hits you! You resist.
* * * LOW HITPOINT WARNING * * *
Maggie casts a spell.
Maggie draws you further into her thrall.
You can move again.
Unknown command.
Casting: Scorch (safe; 1% risk of failure)
Confirm with . or Enter, or press ? or * to list all spells.
You feel a surge of power!
Flames lash Maggie.
Maggie is burned terribly!
Maggie is almost dead.
Maggie zaps a wand.
You shrug off the repeated paralysis!
Unknown command.
Magic courses through your body.
Maggie zaps a wand.
You suddenly lose the ability to move!
The now-empty wand crumbles to dust.
Maggie hits you from afar with a +1 glaive of flaming!
* * * LOW HITPOINT WARNING * * *
Maggie burns you.
* * * LOW HITPOINT WARNING * * *
Maggie hits you from afar with a +1 glaive of flaming!!
You die...
Fedhas appreciates your contribution to the ecosystem.

▒▒+▒▒ ▒▒...▒▒
▒▒.....▒▒
▒▒.......▒▒ ▒
▒.........▒▒▒....
+.....>...'%.....
▒.Q.@.....▒▒▒....
......▒.......▒▒
▒ ▒▒▒▒▒ ▒▒.....▒▒
▒▒...▒▒ ▒▒'▒▒ ▒.▒
▒.▒ ▒.▒ ...


You could see Maggie (mesmerising, combustible).

Vanquished Creatures
  Sigmund (D:5)
  Menkaure (D:5)
  A steam dragon (D:6)
  An orc warrior (D:6)
  A black bear (D:7)
  2 ogres
  6 phantoms
  4 scorpions
  5 orc priests
  3 hounds
  2 jellies (D:5)
  2 gnoll boudas
  2 iguanas
  9 orc wizards
  8 adders
  7 gnolls
  3 white imps
  An ufetubus (D:6)
  2 worms
  A dart slug (D:3)
  27 orcs
  11 ball pythons
  8 endoplasms
  3 giant cockroaches
  5 hobgoblins
  3 quokkas
  5 bats
  6 frilled lizards
  7 goblins
  6 kobolds
  9 rats
152 creatures vanquished.

Vanquished Creatures (others)
  276 foxfires
276 creatures vanquished.

Grand Total: 428 creatures vanquished

Notes
Turn   | Place    | Note
-------+----------+-------------------------------------------
     0 | D:1      | shmup the Tengu Fire Elementalist began the quest for the
                  | Orb.
     0 | D:1      | Reached XP level 1. HP: 10/10 MP: 4/4
   335 | D:1      | Reached XP level 2. HP: 15/15 MP: 3/6
   340 | D:1      | Learned a level 2 spell: Scorch
   618 | D:1      | Reached skill level 4 in Fire Magic
  1048 | D:2      | Found a blossoming altar of Fedhas.
  1071 | D:2      | Became a worshipper of Fedhas Madash
  1102 | D:2      | Reached XP level 3. HP: 19/19 MP: 4/7
  2254 | D:3      | Reached XP level 4. HP: 24/24 MP: 3/8
  2464 | D:3      | Reached * piety under Fedhas
  2591 | D:3      | Reached skill level 5 in Fire Magic
  2882 | D:4      | Found a staircase to the Ecumenical Temple.
  2892 | D:4      | Noticed a phantom
  2903 | D:4      | Gained mutation: Your magical nature lets you fly swiftly
                  | and evasively. [Tengu growth]
  2903 | D:4      | Reached XP level 5. HP: 25/28 MP: 7/9
  2909 | D:4      | Killed a phantom
  3139 | D:4      | Found an opulent altar of Gozag.
  3255 | D:4      | Found a burning altar of Makhleb.
  3327 | D:4      | Found a transporter.
  3327 | D:4      | Noticed BaconRulez's ghost (amateur HOFi)
  3329 | D:4      | Noticed a sky beast
  3437 | D:4      | Noticed an ogre
  3451 | D:4      | Reached skill level 6 in Fire Magic
  3480 | D:4      | Killed an ogre
  3481 | D:4      | Reached XP level 6. HP: 32/32 MP: 3/10
  3559 | D:4      | Found a transporter.
  3740 | D:5      | Entered Level 5 of the Dungeon
  3782 | D:4      | Reached skill level 5 in Conjurations
  3869 | D:4      | Reached skill level 7 in Fire Magic
  4000 | D:5      | Found a blossoming altar of Fedhas.
  4073 | D:5      | Reached XP level 7. HP: 36/36 MP: 6/11
  4477 | D:5      | Noticed Menkaure
  4605 | D:4      | Reached ** piety under Fedhas
  4621 | D:4      | Reached skill level 8 in Fire Magic
  4869 | D:5      | Reached XP level 8. HP: 37/41 MP: 3/12
  4995 | D:5      | Killed Menkaure
  5081 | D:5      | Reached skill level 9 in Fire Magic
  5376 | D:5      | Noticed Sigmund
  5383 | D:5      | Killed Sigmund
  5384 | D:5      | Reached skill level 1 in Fighting
  6153 | D:6      | Reached skill level 10 in Fire Magic
  6248 | D:6      | Reached XP level 9. HP: 48/48 MP: 6/13
  6403 | D:6      | Learned a level 3 spell: Inner Flame
  6408 | D:6      | Learned a level 4 spell: Flame Wave
  6739 | D:6      | Learned a level 2 spell: Searing Ray
  6783 | D:6      | Found the +7 staff of the Meek {protect, meekguard}
  6913 | D:6      | Reached *** piety under Fedhas
  7057 | D:6      | Reached skill level 1 in Invocations
  7112 | D:6      | Found a stormy altar of Qazlal.
  7210 | D:6      | Found a snail-covered altar of Cheibriados.
  7588 | D:7      | Noticed Maggie
  7599 | D:7      | Paralysed by Maggie for 3 turns
  7610 | D:7      | Paralysed by Maggie for 4 turns
  7615 | D:7      | Paralysed by Maggie for 4 turns
  7617 | D:7      | Mangled by Maggie

Illustrated notes

Levels and vault maps discovered:
D:1:      dpeg_arrival_water_temple_mockup, layout_basic
D:2:      layout_basic, basic_altar
D:3:      layout_rooms, minmay_door_square
D:4:      layout_loops_ring, nicolae_gozag_cash_rules_everything_around_me,
          old_standard_altar, minmay_temple_entry_water_ring,
          gammafunk_ghost_arena
D:5:      layout_loops_cross, fedhas_altar_3, st_stairs_9, uniq_sigmund,
          uniq_menkaure
D:6:      layout_rooms, lemuel_coloured_pillars_altar,
          mainiacjoe_overflow_surrounded_room, pf_guarded_unrand_meek
D:7:      layout_loops_corners, uniq_maggie, uniq_prince_ribbit1

Skill      XL: |  1  2  3  4  5  6  7  8  9 |
---------------+----------------------------+-----
Conjurations   | 2 3 4 5 6 8 |  8.6
Fire Magic     | 4 5 6 7 8 10 | 10.6
Fighting       | 2 3 |  3.0
Dodging        | 3 4 |  4.1
Invocations    | 1 |  1.4
Stealth        | |  2.0
Spellcasting   | |  2.0

Action                     |  1- 3 |  4- 6 |  7- 9 || total
---------------------------+-------+-------+-------++-------
  Melee: Dagger            |     1 |     7 |    32 ||    40
         Kick              |     1 |     1 |     6 ||     8
         Peck              |       |       |     8 ||     8
  Throw: Dart              |       |     1 |       ||     1
   Cast: Foxfire           |    71 |    32 |    59 ||   162
         Scorch            |     2 |    20 |    96 ||   118
         Inner Flame       |       |       |     5 ||     5
 Invoke: Wall of Briars    |       |       |     1 ||     1
    Use: Scroll            |     4 |       |     6 ||    10
         Potion            |       |       |     2 ||     2
 Armour: Robe              |     5 |     6 |     9 ||    20
  Dodge: Dodged            |     7 |    10 |    56 ||    73
